 Dungeon Crawl Stone Soup version 0.21-a0-444-g29a2fec (webtiles) character file.

56 theanonym the Chopper (level 3, 0/31 HPs)
             Began as a Hill Orc Fighter on Nov 17, 2017.
             Slain by a gnoll
             ... wielding a +0 spear
              (9 damage)
             ... on level 2 of the Dungeon.
             The game lasted 00:01:42 (1112 turns).

theanonym the Chopper (Hill Orc Fighter)            Turns: 1112, Time: 00:01:42

Health: 0/31       AC:  6    Str: 24    XL:     3   Next: 97%
Magic:  3/3        EV:  7    Int:  8    God:
Gold:   64         SH:  9    Dex: 10    Spells: 2/2 levels left

rFire    . . .     SeeInvis .   a - +0 war axe
rCold    . . .     Gourm    .   c - +0 shield
rNeg     . . .     Faith    .   b - +0 scale mail
rPois    .         Spirit   .   (no helmet)
rElec    .         Reflect  .   (no cloak)
rCorr    .         Harm     .   (no gloves)
MR       .....                  (no boots)
Stlth    ..........             (no amulet)
HPRegen  0.10/turn              (no ring)
MPRegen  0.08/turn              (no ring)

@: mighty
A: no striking features
a: no special abilities


   Skills:
 - Level 3.6 Fighting
 + Level 5.5 Axes
 - Level 3.2 Armour
 - Level 3.2 Shields


You had 2 spell levels left.
You didn't know any spells.

Skill      XL: |  1  2  3 |
---------------+----------+-----
Axes           | 3 4 5 |  5.5
Fighting       | |  3.6
Armour         | |  3.2
Shields        | |  3.2

Action                   || total
-------------------------++-------
Melee: War axe           ||   101
  Use: Potion            ||     1
  Eat: Chunk             ||     1
Armor: Scale mail        ||    45
Dodge: Dodged            ||    30
Block: Shield            ||    56

Inventory:

Hand Weapons
 a - a +0 war axe (weapon)
Armour
 b - a +0 scale mail (worn)
 c - a +0 shield (worn)
Jewellery
 p - an uncursed ring of poison resistance {unknown}
   (You found it on level 2 of the Dungeon)
Scrolls
 h - a scroll of identify {unknown}
 m - 2 scrolls of teleportation {unknown}
 n - a scroll of magic mapping {unknown}
 o - a scroll of remove curse {unknown}
 r - a scroll of noise {unknown}
Potions
 d - a potion of might
 e - a potion of mutation {unknown}
 i - a potion of agility {unknown}
 j - a potion of lignification {unknown}
 k - a potion of ambrosia {unknown}
 q - a potion of curing {unknown}
Comestibles
 f - a bread ration
 g - 4 chunks of flesh
 l - a meat ration

Dungeon Overview and Level Annotations

Branches:
Dungeon (2/15)

Altars:


You were on level 2 of the Dungeon.
You were not hungry.

You visited 1 branch of the dungeon, and saw 2 of its levels.

You collected 64 gold pieces.


Message History

Health restored: 31 You butcher the quokka corpse.
g - 2 chunks of flesh (gained 1)
A jackal comes into view.
A jackal is nearby!
A jackal is nearby!
A jackal is nearby!
A jackal is nearby!
A jackal comes into view.
The jackal barks! x2; You hear a shout!
A jackal comes into view.
You closely miss the jackal.
The jackal barks!
You hear a shout!
The jackal moves out of view.
The jackal completely misses you. You block the jackal's attack.
You slash the jackal!
You kill the jackal!
The jackal barely misses you.
Your shield and scale mail prevent you from hitting the jackal.
The jackal barely misses you. The jackal bites you.
You take 1 damage, and have 30/31 hp.
You closely miss the jackal. You block the jackal's attack.
The jackal barely misses you.
The jackal bites you but does no damage.
A jackal comes into view.
The jackal barks!
You slash the jackal!
You kill the jackal!
You barely miss the jackal. You block the jackal's attack.
The jackal bites you but does no damage.
A hobgoblin comes into view. It is wielding a club.
You completely miss the jackal. You block the jackal's attack.
The jackal bites you but does no damage.
Health restored: 31 You closely miss the jackal.
The jackal bites you but does no damage.
The jackal bites you.
You take 1 damage, and have 30/31 hp.
You slash the jackal!
You kill the jackal!
You hit the jackal.
The jackal bites you but does no damage.
You completely miss the jackal. The jackal barely misses you.
You block the jackal's attack.
You hit the jackal. You barely miss the hobgoblin. The jackal bites you.
You block the jackal's attack.
The hobgoblin hits you but does no damage.
You take 2 damage, and have 28/31 hp.
You barely miss the jackal. You hit the hobgoblin. The jackal bites you.
You block the hobgoblin's attack. The jackal barely misses you.
You take 2 damage, and have 26/31 hp.
Your shield prevents you from hitting the hobgoblin.
You closely miss the jackal.
The jackal bites you but does no damage.
The hobgoblin barely misses you.
The jackal bites you but does no damage.
You block the hobgoblin's attack.
You hit the hobgoblin.
You kill the hobgoblin!
You hit the jackal.
You kill the jackal!
No target in view!
No target in view!
A gnoll comes into view. It is wielding a spear.
The gnoll moves out of view.
You see here a jackal corpse.
You butcher the jackal corpse.
g - 4 chunks of flesh (gained 2)
You see here a jackal skeleton. x2
A gnoll is nearby!
A gnoll is nearby!
A gnoll is nearby!
A gnoll comes into view. It is wielding a flail.
The gnoll shouts!
The gnoll moves out of view.
Found 13 bolts.
The gnoll hits you from afar with a spear! 2 gnolls come into view.
You take 9 damage, and have 18/31 hp.
MASSIVE DAMAGE!!
You are too injured to fight recklessly!
You are too injured to fight recklessly!
You are too injured to fight recklessly!
You are too injured to fight recklessly!
The gnoll moves out of view.
You see here a jackal skeleton.
The gnoll hits you but does no damage.
You hit the gnoll. The gnoll hits you with a spear.
* * * LOW HITPOINT WARNING * * *
You take 3 damage, and have 15/31 hp.
You feel very mighty all of a sudden. The gnoll hits you with a spear.
* * * LOW HITPOINT WARNING * * *
The gnoll completely misses you.
You take 6 damage, and have 9/31 hp.
You closely miss the gnoll.
The gnoll shouts!
You slash the gnoll!
You kill the gnoll!
The gnoll hits you but does no damage. x2; The gnoll hits you with a spear!
You die...

###.##.#.###########.###
# #...............# #
#.##...############# #
#......# # ####..###
######### #....#
#........ ## ##.#.#
#........ ... #.#.#
#........ ....###@#.#
######### ......)g#.# #
.......g#.# #
..#.....#'# #
#..........#
#.....g....#
#........g.#
#..........#
..###.........


You could see 3 gnolls.

Notes
Turn   | Place    | Note
-------+----------+-------------------------------------------
     0 | D:1      | theanonym the Hill Orc Fighter began the quest for the Orb.
     0 | D:1      | Reached XP level 1. HP: 19/19 MP: 1/1
     9 | D:1      | Reached skill level 3 in Axes
   190 | D:1      | Reached XP level 2. HP: 24/26 MP: 2/2
   207 | D:1      | Reached skill level 4 in Axes
   652 | D:1      | Reached XP level 3. HP: 31/31 MP: 3/3
   942 | D:2      | Reached skill level 5 in Axes
  1110 | D:2      | HP: 15/31 [gnoll/spear (4)]
  1112 | D:2      | Slain by a gnoll

Vanquished Creatures
  A gnoll (D:2)
  An ooze (D:1)
  A worm (D:2)
  2 leopard geckos (D:2)
  2 giant cockroaches (D:1)
  3 goblins (D:1)
  6 hobgoblins
  4 jackals (D:2)
  A quokka (D:2)
  4 bats (D:1)
  5 frilled lizards
  2 kobolds (D:1)
  4 rats
36 creatures vanquished.
